 Dungeon Crawl Stone Soup version 0.29.1-1-gd02db6906a (webtiles) character file.

Game seed: 588465282822915683

21 lonewolfV2 the Trooper (level 3, -2/29 HPs)
             Began as a Human Berserker on Oct 17, 2022.
             Was a Follower of Trog.
             Slain by Terence
             ... wielding a +3 vampiric short sword
              (3 damage)
             ... on level 2 of the Dungeon.
             The game lasted 00:02:45 (1501 turns).

lonewolfV2 the Trooper (Human Berserker)            Turns: 1501, Time: 00:02:45

Health: -2/29      AC:  4    Str: 19    XL:     3   Next: 2%
Magic:  3/3        EV: 12    Int:  7    God:    Trog [*.....]
Gold:   55         SH:  0    Dex: 12    Spells: 2/2 levels left

rFire   . . .      SeeInvis .   a - +0 hand axe
rCold   . . .      Faith    .   (no shield)
rNeg    . . .      Spirit   .   b - +0 animal skin
rPois   .          Reflect  .   (no helmet)
rElec   .          Harm     .   (no cloak)
rCorr   .          Rampage  .   e - +1 pair of gloves
Will    .....                   (no boots)
Stlth   +.........              (no amulet)
HPRegen 0.09/turn               (no ring)
MPRegen 0.08/turn               (no ring)

@: no status effects
A: no striking features
a: Renounce Religion, Berserk


You were on level 2 of the Dungeon.
You worshipped Trog.
Trog was aware of your devotion.
You visited 1 branch of the dungeon, and saw 2 of its levels.

You collected 55 gold pieces.

Inventory:

Hand Weapons
 a - a +0 hand axe (weapon)
Armour
 b - a +0 animal skin (worn)
 e - a +1 pair of gloves (worn)
Scrolls
 d - a scroll of vulnerability {unknown}
Potions
 f - a potion of mutation {unknown}


   Skills:
 + Level 3.2 Fighting
 + Level 3.2 Axes
 + Level 2.3 Armour
 + Level 2.3 Dodging


You had 2 spell levels left.
You didn't know any spells.
Your spell library was empty.

Dungeon Overview and Level Annotations

Branches:
Dungeon (2/15)

Altars:

Annotations:
D:2 Terence


Message History

You barely miss Terence. Terence says, "How do you enjoy it?"
Terence hits you with a +3 vampiric short sword.
You hit Terence.
Terence is moderately wounded.
Terence misses you.
You barely miss Terence.
Terence is moderately wounded.
You hit the endoplasm. Terence barely misses you. The endoplasm freezes you.
You are frozen.
You hit Terence but do no damage.
Terence is moderately wounded.
You hit the endoplasm.
You kill the endoplasm!
Trog accepts your kill. Terence barely misses you.
You have reached level 3!
Your experience leads to an increase in your attributes!
Increase (S)trength, (I)ntelligence, or (D)exterity?
You feel stronger. x2
Terence is nearby!
You hit Terence.
Terence is moderately wounded.
Terence hits you with a +3 vampiric short sword.
Terence draws strength from your wounds!
Terence closely misses you.
You hit Terence.
Terence is lightly wounded.
Terence hits you with a +3 vampiric short sword!
* * * LOW HITPOINT WARNING * * *
Terence draws strength from your wounds!
You hit Terence.
Terence is lightly wounded.
Terence hits you with a +3 vampiric short sword.
* * * LOW HITPOINT WARNING * * *
Terence draws strength from your wounds!
It was a potion of cancellation.
You feel magically purged.
Terence hits you with a +3 vampiric short sword.
You die...

#.#####......[# ###
#.............###..
#..............##..
#...............)..
#..................
#.................. #.
#..................
#...#.......>..........
+....@@.....##.....(...
#...........####.......
#..............
........
#....<.........
######........!
.......... ..........
#..........


You could see Terence.

Vanquished Creatures
  A worm (D:2)
  An endoplasm (D:2)
  A giant cockroach (D:1)
  A goblin (D:2)
  2 hobgoblins (D:1)
  A ball python (D:1)
  7 frilled lizards (D:1)
  5 kobolds
  A rat (D:2)
20 creatures vanquished.

Vanquished Creatures (others)
  A plant (D:1)
1 creature vanquished.

Grand Total: 21 creatures vanquished

Notes
Turn   | Place    | Note
-------+----------+-------------------------------------------
     0 | D:1      | lonewolfV2 the Human Berserker began the quest for the Orb.
     0 | D:1      | Reached XP level 1. HP: 18/18 MP: 1/1
   392 | D:1      | Reached XP level 2. HP: 24/24 MP: 2/2
  1486 | D:2      | Noticed Terence
  1498 | D:2      | Reached XP level 3. HP: 16/29 MP: 3/3
  1500 | D:2      | HP: 1/29 [Terence/+3 vampiric short sword (3)]
  1501 | D:2      | Slain by Terence

Illustrated notes

Levels and vault maps discovered:
D:1:      lemuel_arrival_cross, layout_loops_ring, minmay_lizard_king
D:2:      layout_basic, serial_curves, eino_curves_04, eino_curves_02,
          chequers_ecumenical_altar_simple_redux, uniq_terence

Action                   || total
-------------------------++-------
Melee: Hand axe          ||    70
  Use: Potion            ||     1
Armor: Animal skin       ||    13
Dodge: Dodged            ||    50
